 Dungeon Crawl Stone Soup version 0.18-a0-900-gbbf5c82 (webtiles) character file.

243 zacharie the Skirmisher (level 6, 0/56 HPs)
             Began as a Hill Orc Fighter on Aug 12, 2015.
             Was a Follower of Ashenzari.
             Succumbed to an orc priest's poison
             ... on level 4 of the Dungeon on Dec 24, 2015.
             The game lasted 00:16:06 (2034 turns).

zacharie the Skirmisher (Hill Orc Fighter)          Turns: 2034, Time: 00:16:07

Health: 0/56       AC:  9    Str: 21    XL:     6   Next: 9%
Magic:  6/6        EV:  6    Int:  8    God:    Ashenzari [*.....]
Gold:   128        SH: 10    Dex: 10    Spells: 0 memorised, 5 levels left

rFire  . . .     SeeInvis .     a - +0 war axe
rCold  . . .     Gourm    .     k - +0 chain mail
rNeg   . . .     Faith    .     c - +1 shield
rPois  .         Spirit   .     (no helmet)
rElec  .         Dismiss  .     (no cloak)
rCorr  .         Reflect  .     (no gloves)
SustAt .         Harm     .     (no boots)
MR     .....                    l - amulet of rage
Stlth  ..........               (no ring)
                                j - ring of stealth

@: lethally poisoned (0 -> -19), not resistant to hostile enchantments,
extremely unstealthy
A: no striking features
a: Scrying, Renounce Religion, Evoke Berserk Rage


You were on level 4 of the Dungeon.
You worshipped Ashenzari.
Ashenzari was aware of your devotion.
You were very full.

You visited 1 branch of the dungeon, and saw 4 of its levels.

You collected 128 gold pieces.

Inventory:

Hand Weapons
 a - a +0 war axe (weapon)
Missiles
 h - 14 poisoned needles (quivered)
Armour
 c - a +1 shield (worn)
 k - a +0 chain mail (worn)
Jewellery
 d - a +0 amulet of reflection
 j - a ring of stealth (left hand)
 l - an amulet of rage (around neck)
Scrolls
 b - 2 scrolls of identify
 f - 2 scrolls of teleportation
 n - a scroll of remove curse
Potions
 i - 2 potions of curing
 m - 3 potions of invisibility
Comestibles
 e - 2 bread rations
 g - 3 beef jerkies


   Skills:
 + Level 5.0 Fighting
 + Level 4.5 Axes
 + Level 4.3 Armour
 - Level 1.0 Dodging
 + Level 4.6 Shields


You had 5 spell levels left.
You didn't know any spells.

Dungeon Overview and Level Annotations

Branches:
Dungeon (4/15)
 Temple: D:4-7

Altars:
Ashenzari
Dithmenos
Kikubaaqudgha
The Shining One


Message History

You block the orc priest's attack.
The orc priest threatens, "By the altar or by the axe, you will meet Beogh!"
You hit the orc priest but do no damage.
The orc priest is moderately wounded.
The orc priest hits you but does no damage.
You are more poisoned.
You slash the orc priest!
The orc priest is almost dead.
* * * LOW HITPOINT WARNING * * *
You feel sick.
The orc priest hits you but does no damage.
You are more poisoned.
You slash the orc priest!
You kill the orc priest!
Your Fighting skill increases to level 5!
You have reached level 6!
Your experience leads to an increase in your attributes!
Increase (S)trength, (I)ntelligence, or (D)exterity?
You feel stronger.
You die...

# # .......# # >......#
########## .......
.........# #.....
#........###### #...#
#.............# ###...#
#..........<..####.....#
'.............'.@)o....#
#.............####......#
#.............# #.#.##.#
#........###### #..... #
########## ###.#..#
#.....# .....# ......+
....... ......# .......
......#


You could see an orc.

Vanquished Creatures
  3 orc priests
  Terence (D:2)
  3 adders
  2 oozes
  3 worms
  3 giant geckos (D:1)
  8 orcs
  2 ball pythons
  A bat zombie (D:2)
  6 giant cockroaches
  6 hobgoblins
  6 bats
  A giant newt (D:2)
  7 goblins
  9 kobolds
  A quokka skeleton (D:4)
  7 rats
  4 rat zombies (D:2)
73 creatures vanquished.

Notes
Turn   | Place    | Note
--------------------------------------------------------------
     0 | D:1      | zacharie the Hill Orc Fighter began the quest for the Orb.
     0 | D:1      | Reached XP level 1. HP: 19/19 MP: 1/1
   188 | D:1      | Reached XP level 2. HP: 25/27 MP: 2/2
   283 | D:1      | Reached skill level 4 in Fighting
   368 | D:1      | Found a shattered altar of Ashenzari.
   376 | D:1      | Reached XP level 3. HP: 24/33 MP: 3/3
   378 | D:1      | Became a worshipper of Ashenzari the Shackled
   552 | D:1      | Upgraded the game from 0.17-a0-1648-g0a089d4 to 0.18-a0-900-gbbf5c82
   819 | D:2      | Noticed Terence
   832 | D:2      | Killed Terence
   832 | D:2      | Reached XP level 4. HP: 27/40 MP: 4/4
   835 | D:2      | Reached skill level 1 in Dodging
  1201 | D:2      | Found an ancient bone altar of Kikubaaqudgha.
  1375 | D:3      | Reached XP level 5. HP: 47/47 MP: 5/5
  1727 | D:3      | Reached * piety under Ashenzari
  1897 | D:4      | Found a shadowy altar of Dithmenos.
  1971 | D:4      | Found a glowing golden altar of the Shining One.
  2034 | D:4      | Reached skill level 5 in Fighting
  2034 | D:4      | Reached XP level 6. HP: 3/56 MP: 6/6
  2034 | D:4      | Succumbed to an orc priest's poison

Vault maps used:
D:1:      nagdon_arrival_zigzag_paths, evilmike_ruin_ashenzari
D:2:      lemuel_zombie_altar_kikubaaqudgha, minmay_fountain_box, corexii_shack,
          uniq_terence
D:3:      kennysheep_big_flooded_room, grunt_decor_fettered
D:4:      corexii_shantytown, kennysheep_little_box,
          gammafunk_temple_overflow_claw, grunt_dithmenos_smoke, tso_altar

Action                   |  1- 3 |  4- 6 || total
-------------------------+-------+-------++-------
Melee: War axe           |    93 |   129 ||   222
  Use: Scroll            |     5 |       ||     5
       Potion            |     4 |     2 ||     6
 Stab: Sleeping          |       |     1 ||     1
  Eat: Pizza             |     1 |       ||     1
       Bread ration      |       |     1 ||     1
       Meat ration       |       |     1 ||     1
